 Adventure DCSS version bcrawl-1.18.1 (webtiles) character file.

Game seed: 9643639230578813197

827 Leeroy the Destroyer (level 7, -4/43 HPs)
             Began as a Skeleton Reaver on Nov 10, 2019.
             Was a Believer of Vehumet.
             Slain by a yak (11 damage)
             ... on level 5 of the Dungeon.
             The game lasted 00:27:11 (9252 turns).

Leeroy the Destroyer (Skeleton Reaver)              Turns: 9252, Time: 00:27:12

Health: -4/43      AC:  6    Str: 18    XL:     7   Next: 64%
Magic:  0/11       EV: 13    Int: 13    God:    Vehumet [**....]
Gold:   476        SH:  0    Dex:  8    Spells: 2/12 levels left
                                        Lives:  0   Deaths: 2

rFire    . . .     SeeInvis .   A - +0 spear (distort)
rCold    + . .     Gourm    .   (no shield)
rNeg     + + +     Faith    .   b - +1 steam dragon scales
rPois    ∞         Spirit   +   (no helmet)
rElec    .         Reflect  .   (no cloak)
rCorr    .         Harm     .   (no gloves)
MR       +....                  (no boots)
Stlth    +.........             (no amulet)
HPRegen  0.14/turn              (no ring)
MPRegen  0.12/turn              (no ring)

@: no status effects
A: no food or potions, cold resistance 1, deterioration 1, negative energy
resistance 3, powered by death 1, torment resistance, unbreathing, magic shield,
sturdy frame 1, spell healing
a: Renounce Religion


You were on level 5 of the Dungeon.
You worshipped Vehumet.
Vehumet was pleased with you.
You were not hungry.

You visited 1 branch of the dungeon, and saw 5 of its levels.

You collected 476 gold pieces.

Inventory:

Hand Weapons
 a - a +0 long sword
 h - a +0 dagger
 j - a +0 short sword
 l - a +0 dagger
 r - a +1 vampiric short sword
 t - a +0 flail
 u - a +0 trident
 w - a +0 falchion
 x - a +0 quarterstaff
 A - a +0 spear of distortion (weapon)
 C - a +1 mace of draining
 F - a +2 dagger of electrocution
 G - a +2 dagger of freezing
 I - a +0 shortbow
 J - a +0 falchion
Missiles
 e - 591 stones (quivered)
 f - 595 bolts
 o - 266 sling bullets
 s - 35 poisoned tomahawks
 D - 555 arrows
 K - 87 poisoned needles
Armour
 b - +1 steam dragon scales (worn)
 k - a +0 ring mail
 v - a +0 scale mail
Jewellery
 d - an uncursed ring of protection from cold {unknown}
 g - an uncursed ring of flight {unknown}
 H - a +3 ring of evasion
Wands
 q - a wand of random effects (7)
Scrolls
 c - a scroll of immolation
 i - a scroll of remove curse
 m - a scroll of teleportation
 n - 2 scrolls of magic mapping
 p - 4 scrolls of identify {unknown}
 y - a scroll of enchant armour
 z - a scroll of enchant weapon {unknown}
 B - a scroll of noise {unknown}
 E - a scroll of amnesia {unknown}


   Skills:
 - Level 4.1 Fighting
 + Level 7.5 Long Blades
 - Level 3.0 Armour
 - Level 4.2 Dodging
 - Level 3.0 Spellcasting
 - Level 8.3 Conjurations


You had 2 spell levels left.
You knew the following spells:

 Your Spells              Type           Power        Failure   Level  Hunger
a - Freeze                Ice            #.....       6%          1    N/A
b - Sandblast             Erth           #.....       6%          1    N/A
c - Iskenderun's Battles  Conj/Chrm      ##......     28%         5    N/A
d - Iskenderun's Mystic   Conj           ###.....     1%          3    N/A

Your spell library contained the following spells:

 Spells                   Type           Power        Failure   Level  Hunger


Dungeon Overview and Level Annotations

Branches:
Dungeon (5/12)             Temple (0/1) D:5

Altars:
Ru
Xom
The Shining One


Innate Abilities, Weirdness & Mutations

You do not eat or drink.
You are immune to poison.
Your flesh is cold resistant. (rC+)
Your body sometimes deteriorates upon taking damage.
You are immune to negative energy. (rN+++)
You regenerate a little health from kills.
You are immune to unholy pain and torment.
You can survive without breathing.
When hurt, damage is shared between your health and your magic reserves.
Your movements are slightly less encumbered by armour. (ER -2)
Casting spells heals you.


Message History

The yak is severely wounded.
The yak blinks!
The yak misses you. The yak misses you.
You open the door. The yak gores you. The yak gores you!
There is an open door here.
The yak gores you.
There are monsters nearby!
There is an open door here.
You hit the yak.
Space bends around the yak.
The yak is moderately wounded.
The yak gores you!
* * * LOW HITPOINT WARNING * * *
You hit the yak but do no damage.
The yak looks slightly unstable.
The yak is moderately wounded.
You hit the yak.
The yak seems more stable.
The yak is moderately wounded.
The yak gores you.
* * * LOW HITPOINT WARNING * * *
The yak gores you!
You die...

######.............#......
#..................#..##..
#...........########..##..
#...........#.....#.......
#......<....'.....#.......
#..%........#.....+.......
#.....>.....#....##'####..
#############....##...####
#.......@.Y.o.........#
#........Y#Y..........#
#.........#...........#
#######################


You could see 3 yaks and an orc.

Vanquished Creatures
  Duvessa (D:4)
  A phantom (D:4)
  A centaur (D:4)
  An ogre (D:5)
  A big kobold (D:3)
  A bullfrog (D:3)
  Dowan (D:4)
  A scorpion (D:4)
  2 crimson imps
  2 hounds (D:5)
  A quasit (D:5)
  An orc priest (D:4)
  5 orc wizards
  5 iguanas
  4 worker ants
  A killer bee zombie (D:4)
  A hound skeleton (D:4)
  A howler monkey zombie (D:4)
  5 adders
  A shadow imp (D:5)
  4 oozes
  2 adder skeletons (D:5)
  2 worms (D:3)
  2 dart slugs
  2 leopard geckos
  27 orcs
  2 giant cockroaches
  3 goblins
  6 hobgoblins
  9 jackals
  2 quokkas
  2 ball pythons (D:1)
  3 bats
  4 frilled lizards
  4 kobolds
  7 rats
118 creatures vanquished.

Vanquished Creatures (others)
  An orc wizard (D:3)
  An orc (D:3)
2 creatures vanquished.

Grand Total: 120 creatures vanquished

Notes
Turn   | Place    | Note
-------+----------+-------------------------------------------
     0 | D:1      | Leeroy the Skeleton Reaver began the quest for the Orb.
     0 | D:1      | Reached XP level 1. HP: 14/14 MP: 4/4
   129 | D:1      | Reached XP level 2. HP: 19/19 MP: 6/6
   590 | D:1      | Reached * piety under Vehumet
   590 | D:1      | Offered knowledge of Freeze by Vehumet.
   683 | D:1      | Learned a level 1 spell: Freeze
   701 | D:1      | Reached skill level 5 in Long Blades
   820 | D:2      | Reached XP level 3. HP: 23/23 MP: 7/7
  1385 | D:3      | Reached skill level 1 in Armour
  1675 | D:4      | Found a shimmering altar of Xom.
  2019 | D:3      | Found a glowing golden altar of the Shining One.
  2126 | D:2      | HP: 1/23 [orc priest/divine providence (8)]
  2516 | D:3      | Reached XP level 4. HP: 27/28 MP: 8/8
  2570 | D:3      | Noticed a big kobold
  2607 | D:3      | Killed a big kobold
  2607 | D:3      | Reached XP level 5. HP: 13/32 MP: 5/9
  4003 | D:3      | Reached ** piety under Vehumet
  4003 | D:3      | Gained mutation: You regenerate a little health from kills.
                  | [Skeleton growth]
  4003 | D:3      | Reached XP level 6. HP: 32/38 MP: 5/10
  4151 | D:3      | Offered knowledge of Sandblast by Vehumet.
  4155 | D:3      | Learned a level 1 spell: Sandblast
  4161 | D:3      | Learned a level 5 spell: Iskenderun's Battlesphere
  4499 | D:4      | Reached skill level 1 in Conjurations
  4510 | D:4      | Reached skill level 2 in Conjurations
  5052 | D:4      | Reached skill level 3 in Conjurations
  5566 | D:4      | Reached skill level 4 in Conjurations
  5566 | D:4      | Reached XP level 7. HP: 4/43 MP: 1/11
  5997 | D:5      | Entered Level 5 of the Dungeon
  6086 | D:4      | Found a sacrificial altar of Ru.
  6086 | D:4      | Noticed a hippogriff
  6088 | D:4      | Noticed Duvessa
  6148 | D:3      | HP: 1/43 [hippogriff (4)]
  6150 | D:3      | Mangled by a hippogriff
  6151 | D:3      | Reached XP level 6. HP: -6/38 MP: 0/10
  6267 | D:3      | HP: 1/38 [hippogriff (4)]
  6726 | D:4      | Reached skill level 5 in Conjurations
  7269 | D:4      | Reached skill level 6 in Conjurations
  7428 | D:4      | Noticed Dowan
  7745 | D:4      | Slain by a centaur
  7746 | D:4      | Reached XP level 5. HP: 0/33 MP: 0/9
  7756 | D:4      | Reached XP level 6. HP: 38/38 MP: 10/10
  7797 | D:4      | Killed Duvessa
  7797 | D:4      | Reached skill level 7 in Conjurations
  7802 | D:4      | Killed Dowan
  8155 | D:4      | Reached XP level 7. HP: 33/43 MP: 7/11
  8245 | D:5      | Noticed a yak
  8245 | D:5      | Noticed a yak
  8245 | D:5      | Noticed a yak
  8245 | D:5      | Noticed a yak
  8537 | D:5      | Reached skill level 8 in Conjurations
  8603 | D:5      | Found a staircase to the Ecumenical Temple.
  8741 | D:5      | Offered knowledge of Iskenderun's Mystic Blast by Vehumet.
  8746 | D:5      | Learned a level 3 spell: Iskenderun's Mystic Blast
  9252 | D:5      | Slain by a yak

Skill      XL: |  1  2  3  4  5  6  7 |
---------------+----------------------+-----
Long Blades    | 4 5 6 7 |  7.5
Armour         | 2 3 |  3.0
Fighting       | 4 |  4.1
Dodging        | 4 |  4.2
Conjurations   | 7 8 |  8.3
Spellcasting   | |  3.0

Action                   |  1- 3 |  4- 6 |  7- 9 || total
-------------------------+-------+-------+-------++-------
Melee: Long sword        |   158 |   198 |    29 ||   385
       Short sword       |       |   217 |     6 ||   223
       Dagger            |       |    54 |    25 ||    79
       Spear             |       |       |   122 ||   122
Throw: Stone             |       |     5 |     1 ||     6
 Cast: Freeze            |     7 |    22 |     4 ||    33
       Sandblast         |       |    20 |     4 ||    24
       Iskenderun's Myst |       |       |     2 ||     2
Evoke: Wand              |     1 |       |       ||     1
  Use: Scroll            |     3 |     3 |     1 ||     7
Armor: Steam dragon scal |    27 |   122 |    62 ||   211
       Ring mail         |    33 |       |       ||    33
Dodge: Dodged            |   138 |   291 |   130 ||   559
Block: Other             |       |     1 |       ||     1
